 Dungeon Crawl Stone Soup version 0.31.0-12-g77e489cdc1 (webtiles) character file.

Game seed: 7912851050230689723

492 Gadfly the Covered (level 6, -1/51 HPs)
             Began as an Armataur Fighter on Mar 1, 2024.
             Was an Initiate of the Shining One.
             Slain by a gnoll
             ... wielding a +0 spear
             ... led by a gnoll bouda
              (6 damage)
             ... on level 4 of the Dungeon.
             The game lasted 00:04:01 (2892 turns).

Gadfly the Covered (Armataur Fighter)               Turns: 2892, Time: 00:04:02

Health: -1/51      AC:  7    Str: 21    XL:     6   Next: 91%
Magic:  8/8        EV:  7    Int:  8    God:    the Shining One [......]
Gold:   140        SH:  6    Dex: 12    Spells: 5/5 levels left

rFire   . . .        a - +1 flail
rCold   . . .        c - +1 buckler
rNeg    + . .        b - +0 scale mail
rPois   .            (no helmet)
rElec   .            (no cloak)
rCorr   .            (no gloves)
SInv    +            (no barding)
Will    .....        (no amulet) Stlth
                     k - ring of see invisible
HPRegen 0.28/turn    m - ring of positive energy
MPRegen 0.11/turn

%: roll
@: mighty, weakened, glowing, studying Short Blades
A: large, deformed body, tough skin 3, armoured tail, roll 1
a: Renounce Religion


You were on level 4 of the Dungeon.
You worshipped the Shining One.
The Shining One was noncommittal.
You visited 2 branches of the dungeon, and saw 5 of its levels.

You collected 140 gold pieces.

Inventory:

Hand Weapons
 a - a +1 flail (weapon)
Armour
 b - a +0 scale mail (worn)
 c - a +1 buckler (worn)
Jewellery
 k - a ring of see invisible (left hand)
 m - a ring of positive energy (right hand)
Wands
 f - a wand of polymorph (9) (quivered)
Scrolls
 e - a scroll of enchant armour
 h - a scroll of enchant weapon
 j - a scroll of revelation
Potions
 d - a potion of might
 g - a potion of cancellation
 i - a potion of haste
 l - a potion of curing


   Skills:
 + Level 3.5 Fighting
 * Level 3.5 Maces & Flails
 + Level 4.5 Armour
 + Level 4.1 Shields
 * Level 3.1 Invocations
 * Level 3.1 Evocations


You had 5 spell levels left.
You didn't know any spells.
Your spell library contained the following spells:

 Spells                   Type           Power      Damage    Failure   Level
 Sublimation of Blood     Necr           0%         N/A       91%         2
 Dazzling Flash           Conj/Hex       0%         N/A       99%         3
 Volatile Blastmotes      Fire/Tloc      0%         2d10      99%         3
 Petrify                  Alch/Erth      0%         N/A       100%        4
 Irradiate                Conj/Alch      0%         3d11      100%        5
 Starburst                Conj/Fire      0%         6d3       100%        6
 Maxwell's Capacitive Co  Air            0%         ∞         100%        8


Dungeon Overview and Level Annotations

Branches:
Dungeon (4/15)             Temple (1/1) D:4

Altars:
Cheibriados
Dithmenos
Elyvilon
Fedhas
Hepliaklqana
Kikubaaqudgha
Nemelex Xobeh
Qazlal
Sif Muna
Trog
Uskayaw
Wu Jian
Xom
Yredelemnul
Zin
The Shining One

Shops:
D:2 (*(=


Innate Abilities, Weirdness & Mutations

Armour fits poorly on your strangely shaped body.
You have extremely tough skin. (AC +3)
You have a long armoured tail.
You regenerate magic when rolling toward enemies. (Rampage MPRegen)


Message History

Unknown command.
The gnoll shouts! x2; You hear a howl!
The gnoll hits you from afar with a +0 spear.
Found a potion of magic.
The gnoll attacks as it pursues you! You block the gnoll's attack.
The gnoll bouda attacks as it pursues you!
The gnoll bouda completely misses you.
The gnoll hits you from afar with a +0 spear!
You hit the gnoll bouda.
The gnoll bouda is lightly wounded.
The gnoll bouda hits you with a +0 whip!
* * * LOW HITPOINT WARNING * * *
The gnoll hits you from afar with a +0 spear.
* * * LOW HITPOINT WARNING * * *
You sock the gnoll bouda!
The gnoll bouda is heavily wounded.
The gnoll bouda barks out a call to the hunt!
The gnoll picks up the pace!
You block the gnoll's attack. The gnoll bouda barely misses you.
You hit the gnoll bouda but do no damage.
The gnoll bouda is heavily wounded.
You block the gnoll's attack. You block the gnoll bouda's attack.
Okay, then.
Okay, then.
You feel very mighty all of a sudden. The gnoll closely misses you.
The gnoll bouda hits you with a +0 whip.
* * * LOW HITPOINT WARNING * * *
You hit the gnoll bouda. You tail-slap the gnoll bouda.
The gnoll bouda is almost dead.
The gnoll hits you from afar with a +0 spear.
* * * LOW HITPOINT WARNING * * *
The gnoll bouda gazes fiercely through you!
You feel your attacks grow feeble. You block the gnoll bouda's attack.
You thump the gnoll bouda!
You kill the gnoll bouda!
The Shining One accepts your kill.
The gnoll hits you from afar with a +0 spear.
You die...

#.#### ##.# #..####
######......
#######....(..####
#####........######
# #.....##....## #
#....###(#### #
#....@)gg##### #
#....##Wg..$.# #
#....#........# #
#..!........... #
#####..........
........... ##
##....g..... #.
........!.. ...
..#......b.. .##


You could see a phantom and 3 gnolls.

Vanquished Creatures
  Grinder (D:3)
  Duvessa (D:4)
  Dowan (D:4)
  A gnoll bouda (D:4)
  Ijyb (D:3)
  An iguana (D:4)
  4 adders
  A white imp (D:4)
  A dart slug (D:1)
  A ribbon worm (D:3)
  5 endoplasms
  6 goblins
  5 hobgoblins
  4 jackals (D:3)
  6 quokkas
  2 ball pythons
  5 bats
  4 frilled lizards
  3 kobolds
  6 rats
59 creatures vanquished.

Notes
Turn   | Place    | Note
-------+----------+-------------------------------------------
     0 | D:1      | Gadfly the Armataur Fighter began the quest for the Orb.
     0 | D:1      | Reached XP level 1. HP: 18/18 MP: 1/1
   104 | D:1      | Reached XP level 2. HP: 13/25 MP: 2/2
   331 | D:1      | Reached skill level 1 in Evocations
   517 | D:1      | Reached skill level 1 in Invocations
   709 | D:2      | Reached XP level 3. HP: 30/30 MP: 3/3
   812 | D:2      | Found Ujogalam's General Store.
   834 | D:2      | Found Suskyoso's Antique Weapon Emporium.
   877 | D:2      | You fall into a shaft and drop 1 floor!
   887 | D:3      | Noticed Ijyb
   917 | D:3      | Killed Ijyb
  1100 | D:2      | Found Apnuczic's Weapon Shoppe.
  1262 | D:2      | Found Irejyso's Jewellery Boutique.
  1396 | D:2      | Reached XP level 4. HP: 35/38 MP: 5/5
  1819 | D:3      | Found a shimmering altar of Xom.
  1904 | D:3      | Noticed Grinder
  1918 | D:3      | Killed Grinder
  1919 | D:3      | Reached XP level 5. HP: 14/45 MP: 6/6
  1919 | D:3      | Reached XP level 6. HP: 15/51 MP: 7/7
  2480 | D:4      | Found a staircase to the Ecumenical Temple.
  2496 | Temple   | Entered the Ecumenical Temple
  2566 | Temple   | Became a worshipper of the Shining One
  2623 | D:4      | Noticed Duvessa
  2623 | D:4      | Noticed Dowan
  2637 | D:4      | Killed Duvessa
  2641 | D:4      | Killed Dowan
  2892 | D:4      | Slain by a gnoll

Illustrated notes

Levels and vault maps discovered:
D:1:      roderic_dead_forest, layout_basic
D:2:      layout_loops_ring, serial_shops, shop, shop, nicolae_shop_peninsula,
          nicolae_shop_pleasant_corner_grove
D:3:      layout_basic, mainiacjoe_overflow_surrounded_room, uniq_grinder,
          uniq_ijyb
D:4:      layout_rooms, minmay_temple_entry_butterflies,
          kennysheep_opposing_triangles, uniq_duvessa
Temple:   nicolae_temple_superstar

Skill      XL: |  1  2  3  4  5  6 |
---------------+-------------------+-----
Maces & Flails | 2 3 |  3.5
Evocations     | 1 2 3 |  3.1
Invocations    | 1 2 3 |  3.1
Fighting       | 3 |  3.5
Armour         | 4 |  4.5
Shields        | 4 |  4.1

Action                     |  1- 3 |  4- 6 || total
---------------------------+-------+-------++-------
  Melee: Flail             |    84 |   111 ||   195
         Tailslap          |     6 |     8 ||    14
         Unarmed           |    26 |       ||    26
    Use: Scroll            |     6 |     3 ||     9
         Potion            |       |     2 ||     2
 Armour: Scale mail        |    64 |    99 ||   163
         Skin              |    10 |       ||    10
  Dodge: Dodged            |    41 |    34 ||    75
  Block: Buckler           |    21 |    47 ||    68
